 Dungeon Crawl Stone Soup version 0.15-a0-258-g027b8cd (webtiles) character file.

150 PolkaDot the Vexing (level 3, 0/24 HPs)
             Began as a Vampire Enchanter on Apr 27, 2014.
             Slain by Crazy Yiuf
             ... wielding a +2,+4 quarterstaff of chaos
              (12 damage)
             ... while paralysed by Crazy Yiuf
             ... on Level 2 of the Dungeon.
             The game lasted 00:04:19 (1637 turns).

PolkaDot the Vexing (Vampire Enchanter)             Turns: 1637, Time: 00:04:19

HP   0/24        AC  3     Str  7      XL: 3   Next: 46%
MP   4/6         EV  2     Int 17      God:
Gold 104         SH  0     Dex 15      Spells:  3 memorised,  0 levels left

rFire  . . .     SeeInvis +     a - +1 dagger
rCold  + . .     Clarity  .     b - +1 robe
rNeg   + + .     Conserve .     (no shield)
rPois  +         rCorr    .     (no helmet)
rElec  .         rRot     +     (no cloak)
SustAb . .       Spirit   .     (no gloves)
rMut   .         Warding  .     (no boots)
Saprov . . .     Stasis   .     (no amulet)
MR     .....                    (no ring)
                                (no ring)

@: paralysed, regenerating slowly, very slightly contaminated, not resistant to
hostile enchantments, quite stealthy
A: fangs 3, see invisible, unbreathing
a: Bat Form


You were on level 2 of the Dungeon.
You were very thirsty.

You visited 1 branch of the dungeon, and saw 2 of its levels.

You collected 104 gold pieces.

Inventory:

Hand weapons
 a - a +1,+1 dagger (weapon)
Missiles
 d - 11 darts (quivered)
Armour
 b - a +1 robe (worn)
Scrolls
 g - a scroll of remove curse {unknown}
 i - a scroll of identify {unknown}
 k - 2 scrolls of noise {unknown}
 l - a scroll of fear {unknown}
 m - a scroll of magic mapping {unknown}
 n - 3 scrolls of blinking {unknown}
Potions
 e - a potion of blood {@w2}
 f - 2 potions of invisibility {unknown}
 h - a potion of flight {unknown}
 j - a potion of haste {unknown}
 o - a potion of heal wounds {unknown}
Books
 c - a book of Maledictions

   Spells                             Type                      Level
   *Corona                            Hexes                        1
   Sure Blade                         Hexes/Charms                 2
   *Ensorcelled Hibernation           Hexes/Ice                    2
   *Confuse                           Hexes                        3
   Dazzling Spray                     Conjuration/Hexes            3
   Enslavement                        Hexes                        4


   Skills:
 + Level 1.9 Short Blades
 - Level 0.7 Throwing
 - Level 2.1 Dodging
 + Level 4.2 Stealth
 - Level 2.0 Spellcasting
 * Level 5.5 Hexes


You couldn't memorise any spells.
You knew the following spells:

 Your Spells              Type           Power        Failure   Level  Hunger
a - Corona                Hex            ###....      1%          1    #......
c - Confuse               Hex            ###.....     8%          3    ####...
d - Ensorcelled Hibernat  Hex/Ice        ##....       12%         2    ###....


Dungeon Overview and Level Annotations

Branches:
Dungeon (2/15)

Altars:

Annotations:
D:2 Crazy Yiuf


Innate Abilities, Weirdness & Mutations

You heal slowly.
You have razor-sharp teeth.*
You have supernaturally acute eyesight.
You can survive without breathing.*


Message History

Wear which item? (? for menu, Esc to quit)
Okay, then.
Crazy Yiuf comes into view.
He is wielding a quarterstaff of chaos.
Crazy Yiuf shouts!
Crazy Yiuf moves out of view.
Crazy Yiuf cries, "Proton dark forty-two!"
Casting: Ensorcelled Hibernation
Confirm with . or Enter, or press ? or * to list all spells.
Aiming: Ensorcelled Hibernation
Press: ? - help, Shift-Dir - straight line, f - Crazy Yiuf
Aim: Crazy Yiuf, wielding a quarterstaff of chaos and wearing a runed cloak You miscast Ensorcelled Hibernation.
You are very lightly contaminated with residual magic.
Your skin glows momentarily.
Crazy Yiuf hits you with a quarterstaff of chaos!
You suddenly lose the ability to move!
Crazy Yiuf hits you with a quarterstaff of chaos.
Crazy Yiuf hits you with a quarterstaff of chaos!
Ouch! That really hurt!
You die...

..##.########.#######..######.###
.................................
####.########.#######.###########
.....# #.# #.# ###### ### ###
###### .....#### ####.#..##♣♣ ###
# #.#...'.♣♣ ♣♣#..)#
####.#......♣♣♣♣@g...#
#............♣..♣#...#
#.##.###.'..♣.♣♣♣ ### #.##.#
###♣♣♣♣♣ .....# #.#### #.# #.#
#.# ...


You could see Crazy Yiuf.

Vanquished Creatures
  Jessica (D:2)
  A giant mite (D:1)
  A worm (D:2)
  3 bats (D:1)
  3 goblins (D:1)
  2 hobgoblins
  2 kobolds
  3 rats
16 creatures vanquished.

Notes
Turn   | Place    | Note
--------------------------------------------------------------
     0 | D:1      | PolkaDot, the Vampire Enchanter, began the quest for the Orb.
     0 | D:1      | Reached XP level 1. HP: 13/13 MP: 3/3
   488 | D:1      | Reached XP level 2. HP: 19/19 MP: 2/4
   636 | D:1      | Reached skill level 5 in Hexes
   968 | D:2      | Noticed Jessica
   971 | D:2      | Killed Jessica
   971 | D:2      | Reached XP level 3. HP: 24/24 MP: 6/6
  1331 | D:2      | Learned a level 2 spell: Ensorcelled Hibernation
  1335 | D:2      | Learned a level 3 spell: Confuse
  1632 | D:2      | Noticed Crazy Yiuf
  1635 | D:2      | Paralysed by Crazy Yiuf for 4 turns
  1637 | D:2      | Slain by Crazy Yiuf

Action                   || total
-------------------------++-------
Melee: Dagger            ||    40
Throw: Dart              ||    18
 Cast: Corona            ||     8
       Ensorcelled Hiber ||     3
       Confuse           ||     1
 Stab: Sleeping          ||     7
